 Dungeon Crawl Stone Soup version 0.21.1-1-g345015f (webtiles) character file.

2683 Zubo the Geomancer (level 9, 0/51 HPs)
             Began as a Gargoyle Earth Elementalist on June 15, 2018.
             Was a Believer of Sif Muna.
             Slain by a two-headed ogre
             ... wielding a +0 giant club
              (11 damage)
             ... on level 9 of the Dungeon.
             The game lasted 00:33:06 (10861 turns).

Zubo the Geomancer (Gargoyle Earth Elementalist)   Turns: 10861, Time: 00:33:36

Health: 0/51       AC: 13    Str: 13    XL:     9   Next: 64%
Magic:  12/17      EV: 12    Int: 18    God:    Sif Muna [**....]
Gold:   250        SH:  0    Dex: 10    Spells: 6/19 levels left

rFire    . . .     SeeInvis .   s - +1 mace
rCold    . . .     Gourm    .   (no shield)
rNeg     + . .     Faith    .   w - +2 robe {Archmagi}
rPois    ∞         Spirit   .   (no helmet)
rElec    +         Reflect  .   t - +2 cloak
rCorr    .         Harm     .   (no gloves)
MR       .....                  (no boots)
Stlth    ++........             y - amulet of magic regeneration
HPRegen  0.17/turn              (no ring)
MPRegen  0.40/turn              (no ring)

@: no status effects
A: negative energy resistance 1, electricity resistance, unbreathing,
petrification resistance, rot immunity, AC +6
a: Divine Energy, Renounce Religion


You were on level 9 of the Dungeon.
You worshipped Sif Muna.
Sif Muna was pleased with you.
You were hungry.

You visited 2 branches of the dungeon, and saw 10 of its levels.

You collected 315 gold pieces.
You spent 65 gold pieces at shops.

Inventory:

Hand Weapons
 s - a +1 mace (weapon)
 A - a +0 club of chaos
Missiles
 b - 70 stones (quivered)
Armour
 t - a +2 cloak (worn)
 w - a +2 robe of the Archmagi (worn)
Jewellery
 c - an uncursed ring of magical power {unknown}
 y - an amulet of magic regeneration (around neck)
Wands
 f - a wand of digging (11)
 q - a wand of polymorph (24)
 x - a wand of flame (17)
Scrolls
 g - 2 scrolls of amnesia
 h - 4 scrolls of teleportation
 i - 8 scrolls of remove curse
 k - a scroll of fear {unknown}
 l - 2 scrolls of fog {unknown}
 n - a scroll of enchant weapon
 B - a scroll of magic mapping
 D - a scroll of blinking {unknown}
Potions
 a - 7 potions of curing
 j - 3 potions of brilliance
 m - a potion of heal wounds {unknown}
 o - 3 potions of haste
 p - 2 potions of lignification
 r - a potion of might
 u - a potion of magic {unknown}
 v - 2 potions of flight
 C - a potion of agility
Books
 e - a book of Geomancy

   Spells                             Type                      Level
   a - Sandblast                      Earth                        1
   b - Passwall                       Transmutation/Earth          2
   c - Stone Arrow                    Conjuration/Earth            3
   d - Petrify                        Transmutation/Earth          4
   e - Lee's Rapid Deconstruction     Earth                        5
Comestibles
 d - 11 rations


   Skills:
 + Level 3.6 Fighting
 + Level 3.3 Maces & Flails
 + Level 2.5 Dodging
 - Level 2.3 Stealth
 + Level 5.5 Spellcasting
 + Level 4.9 Conjurations
 - Level 2.0 Transmutations
 * Level 10.6 Earth Magic
 + Level 0.3 Invocations


You had 6 spell levels left.
You knew the following spells:

 Your Spells              Type           Power        Failure   Level  Hunger
a - Sandblast             Erth           ######       1%          1    None
b - Stone Arrow           Conj/Erth      #####.       1%          3    ##.....
c - Lee's Rapid Deconstr  Erth           ######....   4%          5    ######.
d - Petrify               Tmut/Erth      #####...     9%          4    ####...


Dungeon Overview and Level Annotations

Branches:
Dungeon (9/15)             Temple (1/1) D:4
   Lair: D:8-11         Orc: D:9-12

Altars:
Ashenzari
Cheibriados
Dithmenos
Fedhas
Gozag
Hepliaklqana
Kikubaaqudgha
Makhleb
Okawaru
Qazlal
Ru
Sif Muna
Trog
Uskayaw
Vehumet
Xom
Yredelemnul
Zin
The Shining One

Shops:
D:5 *

Annotations:
D:7 kae's ghost, novice HOFi


Innate Abilities, Weirdness & Mutations

You are resistant to torment.
Your stone body is resilient. (AC +6)
You are immune to poison.
You resist negative energy. (rN+)
You are resistant to electric shocks. (rElec)
You can survive without breathing.
You are immune to petrification.
You are immune to rotting.


Message History

You see here 16 gold pieces.
You now have 250 gold pieces (gained 16).
There is a stone staircase leading up here.
The two-headed ogre is no longer petrified.
You climb upwards.
The gnoll shouts!
The orc shouts! 3 gnolls, 2 orcs, an orc warrior and an orc priest come into view.
The gnoll shouts! x2; The orc priest shouts!
The orc warrior shouts!
The gnoll shouts!
You hear a shout! x2; The orc shouts!
You hear a screech!
You hear an angry hiss.
Found 8 stones.
There is a stone staircase leading down here.
The orc priest moves out of view.
The gnoll hits you with a spear. The gnoll closely misses you.
The gnoll hits you from afar with a spear.
You climb downwards.
The two-headed ogre hits you with a giant club!!
* * * LOW HITPOINT WARNING * * *
The two-headed ogre hits you with an enchanted dire flail!
You die...

#....#
#.<.....#
#.......#
#.......#
#.......# ###
#.......#
#...#.......#
...'.......#
..#.g.....#
#..@O...#
#.......#
#.......#
#.......#
#.......#
#.......#
#.......#
#########


You could see a two-headed ogre and a gnoll.

Vanquished Creatures
  The ghost of RedSatellite the Chopper, a novice MiFi (D:6)
  A troll (D:6)
  The ghost of zuik the Cudgeler, an amateur DsAK of Lugonu (D:4)
  A sky beast (D:6)
  A centaur (D:7)
  4 ogres
  3 bullfrogs
  A wyvern skeleton (D:9)
  5 scorpions
  5 crimson imps
  A jelly (D:5)
  A bullfrog zombie (D:5)
  A bullfrog skeleton (D:6)
  3 orc priests (D:6)
  4 worker ants
  7 orc wizards
  A worker ant zombie (D:7)
  A gnoll (D:5)
  A howler monkey skeleton (D:4)
  11 adders
  3 shadow imps
  3 adder skeletons
  A worm (D:3)
  3 dart slugs
  7 leopard geckos
  23 orcs
  12 giant cockroaches
  12 goblins
  8 hobgoblins
  6 jackals
  12 kobolds
  4 quokkas
  A ball python (D:4)
  2 bats
  5 frilled lizards
  A giant cockroach zombie (D:5)
  2 quokka skeletons
  9 rats
168 creatures vanquished.

Notes
Turn   | Place    | Note
-------+----------+-------------------------------------------
     0 | D:1      | Zubo the Gargoyle Earth Elementalist began the quest for the Orb.
     0 | D:1      | Reached XP level 1. HP: 10/10 MP: 3/3
   119 | D:1      | Reached skill level 4 in Earth Magic
   544 | D:1      | Reached XP level 2. HP: 15/15 MP: 3/5
   740 | D:1      | You fall through a shaft!
  1070 | D:1      | Reached XP level 3. HP: 16/19 MP: 4/6
  1232 | D:1      | Learned a level 3 spell: Stone Arrow
  1330 | D:2      | Reached skill level 5 in Earth Magic
  1764 | D:2      | Found a shadowy altar of Dithmenos.
  1850 | D:2      | Reached XP level 4. HP: 24/24 MP: 3/7
  1934 | D:2      | Found an opulent altar of Gozag.
  2130 | D:2      | Found a stormy altar of Qazlal.
  2377 | D:3      | Found a shattered altar of Ashenzari.
  2604 | D:3      | Reached skill level 6 in Earth Magic
  2925 | D:3      | Reached XP level 5. HP: 27/28 MP: 0/8
  3165 | D:3      | Reached skill level 7 in Earth Magic
  3433 | D:3      | Reached XP level 6. HP: 22/32 MP: 2/9
  3561 | D:3      | Found an ancient bone altar of Kikubaaqudgha.
  3818 | D:4      | Found a bloodstained altar of Trog.
  3865 | D:4      | Reached skill level 8 in Earth Magic
  3903 | D:4      | Noticed zuik's ghost (amateur DsAK)
  3999 | D:4      | Learned a level 5 spell: Lee's Rapid Deconstruction
  4876 | D:4      | Found a staircase to the Ecumenical Temple.
  4886 | Temple   | Entered the Ecumenical Temple
  5078 | Temple   | Became a worshipper of Sif Muna the Loreminder
  5138 | D:4      | Reached skill level 1 in Conjurations
  5623 | D:4      | Killed zuik's ghost
  5623 | D:4      | Reached XP level 7. HP: 24/36 MP: 3/12
  5916 | D:4      | Reached * piety under Sif Muna
  6111 | D:5      | Entered Level 5 of the Dungeon
  6127 | D:5      | Learned a level 4 spell: Petrify
  6129 | D:5      | Found Xoukae's General Store.
  6138 | D:5      | Bought a potion of agility for 56 gold pieces
  6138 | D:5      | Bought 7 stones for 9 gold pieces
  6155 | D:5      | Reached XP level 8. HP: 38/41 MP: 2/14
  6450 | D:5      | Found a glowing golden altar of the Shining One.
  6453 | D:5      | Reached skill level 9 in Earth Magic
  6793 | D:5      | Reached skill level 1 in Fighting
  6793 | D:5      | Reached skill level 1 in Maces & Flails
  6957 | D:5      | Found a shimmering altar of Xom.
  7698 | D:6      | Noticed RedSatellite's ghost (novice MiFi)
  7702 | D:6      | Reached ** piety under Sif Muna
  8201 | D:6      | Reached skill level 5 in Spellcasting
  8782 | D:6      | Reached skill level 1 in Transmutations
  9238 | D:6      | Reached skill level 10 in Earth Magic
  9238 | D:6      | Reached XP level 9. HP: 49/49 MP: 8/16
  9483 | D:7      | Noticed kae's ghost (novice HOFi)
  9488 | D:7      | Noticed a troll
  9678 | D:6      | Killed RedSatellite's ghost
 10403 | D:6      | Killed a troll
 10728 | D:7      | You fall through a shaft for 2 floors!
 10766 | D:9      | Found a radiant altar of Vehumet.
 10843 | D:9      | Noticed a two-headed ogre
 10861 | D:9      | Slain by a two-headed ogre

Skill      XL: |  1  2  3  4  5  6  7  8  9 |
---------------+----------------------------+-----
Earth Magic    | 4 5 6 7 8 10 | 10.6
Spellcasting   | 3 4 5 |  5.5
Conjurations   | 2 3 4 |  4.9
Fighting       | 2 3 |  3.6
Maces & Flails | 2 3 |  3.3
Transmutations | 1 2 |  2.0
Dodging        | 2 |  2.5
Stealth        | |  2.3
Invocations    | |  0.3

Action                   |  1- 3 |  4- 6 |  7- 9 || total
-------------------------+-------+-------+-------++-------
Melee: Unarmed           |    48 |       |       ||    48
       Mace              |       |    60 |    25 ||    85
 Cast: Sandblast         |    34 |   105 |    74 ||   213
       Stone Arrow       |     6 |    16 |    33 ||    55
       Lee's Rapid Decon |       |     2 |    35 ||    37
       Petrify           |       |       |    16 ||    16
  Use: Scroll            |       |     7 |    12 ||    19
 Stab: Petrified         |       |       |    10 ||    10
  Eat: Chunk             |     4 |    12 |    16 ||    32
       Ration            |       |     1 |     5 ||     6
Armor: Robe              |    25 |    62 |    40 ||   127
Dodge: Dodged            |    30 |    78 |    33 ||   141
